Map: Ever Dream LE

Players

Reynor

  • Race: Zerg Zerg
  • Spawn Location: 7:00

LiquidMaNa (MaNa) - Winner!

  • Race: Protoss Protoss
  • League: Grandmaster
  • Spawn Location: 1:00

Event: DreamHack SC2 Masters 2020 Summer Europe

VOD

Have the link to the VOD?

Description

Time

  • Played on: July 3, 2020, 11:21 a.m.
  • Length: 8:38

All games in this series

Show
View Real Time Build Order
Export as new Build Order

Reynor Zerg 

Build Orders: Hatch First 

Get SALT Encoding   

  12  0:02  Drone  
  13  0:12  Overlord  
  13  0:16  Drone  
  14  0:31  Drone x2  
  16  0:49  Hatchery  
  15  0:51  Drone  
  15  0:54  Drone  
  17  0:58  Drone  
  18  1:08  Extractor  
  17  1:14  Spawning Pool  
  17  1:18  Drone  
  17  1:21  Drone  
  18  1:28  Drone  
  19  1:38  Drone  
  20  1:49  Overlord  
  20  2:01  Queen x2  
  20  2:02  Drone x2  
  26  2:11  Zergling x4  
  26  2:13  Metabolic Boost  
  28  2:22  Drone x2  
  30  2:33  Drone  
  31  2:38  Hatchery  
  31  2:40  Drone  
  31  2:46  Queen  
  33  2:52  Overlord  
  33  2:54  Drone  
  33  2:57  Drone  
  35  2:59  Drone  
  36  3:12  Zergling x6  
  39  3:13  Overlord  
  39  3:15  Drone  
  39  3:16  Drone  
  39  3:18  Drone  
  42  3:26  Evolution Chamber, Drone  
  42  3:30  Overlord  
  42  3:31  Queen  
  45  3:38  Drone  
  46  3:44  Drone x2  
  46  3:46  Drone x2  
  50  3:49  Zergling x2  
  50  3:50  Queen  
  50  3:53  Drone x2  
  55  3:58  Drone  
  55  4:01  Overlord  
  55  4:02  Drone x2  
  58  4:03  Drone  
  58  4:07  Zergling x2, Spine Crawler  
  59  4:13  Roach Warren  
  59  4:16  Zergling x6  
  59  4:17  Zergling x2  
  59  4:21  Zergling x4  
  62  4:25  Zergling x4  
  64  4:32  Overlord  
  64  4:33  Zergling x2  
  64  4:35  Overlord  
  65  4:40  Overlord  
  65  4:44  Spore Crawler  
  65  4:45  Spore Crawler  
  63  4:49  Zergling x4  
  65  4:53  Zergling x8  
  65  4:56  Zergling x2  
  65  4:58  Queen  
  65  4:59  Roach x2  
  76  5:04  Zergling x4  
  77  5:09  Drone x2  
  77  5:11  Drone  
  80  5:15  Roach x2  
  80  5:18  Spore Crawler  
  80  5:19  Drone x2  
  86  5:21  Drone  
  86  5:25  Roach  
  88  5:31  Overlord  
  88  5:32  Overlord  
  88  5:36  Overlord  
  86  5:44  Roach  
  86  5:45  Roach x2  
  89  5:51  Roach x2  
  89  5:52  Roach x2  
  97  5:57  Drone  
  97  5:58  Evolution Chamber  
  97  6:00  Extractor x2  
  97  6:01  Drone x2  
  97  6:07  Drone  
  97  6:10  Roach  
  100  6:12  Roach  
  100  6:18  Overlord  
  102  6:22  Roach, Zergling x8  
  107  6:34  Roach, Zergling x4  
  92  6:41  Roach, Zergling x4  
  92  6:43  Roach  
  92  6:44  Roach  
  92  6:47  Roach  
  86  6:49  Roach, Zergling x2  
  86  6:50  Queen x2  
  86  6:53  Roach  
  86  6:55  Roach, Zergling x2  
  86  7:00  Extractor, Zergling x6, Ravager  
  88  7:05  Zergling x2  
  88  7:08  Roach  
  84  7:12  Ravager  
  84  7:15  Roach  
  81  7:19  Roach  
  81  7:20  Zergling x4  
  81  7:21  Zergling x2  
  75  7:27  Drone x2  
  73  7:33  Drone x2  
  73  7:34  Drone  
  72  7:38  Drone  
  73  7:45  Drone  
  73  7:49  Drone  
  75  7:57  Drone  
  74  7:59  Ravager  
  74  8:00  Hatchery, Roach, Zergling x4  
  78  8:08  Roach, Zergling x4  
  78  8:10  Roach  
  78  8:13  Zergling x2  
  78  8:17  Ravager x3  
  78  8:19  Roach, Zergling x2  
  79  8:20  Ravager  
Show
View Real Time Build Order
Export as new Build Order

LiquidMaNa Protoss - Winner!

Build Orders: 1 Gate Expand, Mass Adepts 

Get SALT Encoding   

  12  0:00  Probe  
  13  0:12  Probe  
  14  0:18  Pylon  
  14  0:24  Probe  
  15  0:32  Probe  
  15  0:40  Probe  
  15  0:42  Gateway  
  16  0:49  Assimilator  
  17  0:51  Probe  
  18  1:03  Probe  
  19  1:15  Probe  
  20  1:28  Cybernetics Core  
  20  1:34  Nexus  
  20  1:37  Probe  
  21  1:44  Pylon  
  21  1:49  Probe  
  21  1:52  Assimilator  
  22  1:55  Adept  
  22  2:01  Probe  
  22  2:05  Warp Gate  
  25  2:13  Probe  
  25  2:15  Adept  
  26  2:25  Probe  
  29  2:33  Twilight Council  
  29  2:37  Probe  
  30  2:46  Probe  
  30  2:48  Robotics Facility  
  30  2:51  Probe  
  32  2:54  Adept  
  32  2:56  Probe  
  35  3:00  Resonating Glaives  
  35  3:03  Probe  
  35  3:04  Probe  
  36  3:08  Gateway  
  36  3:12  Probe  
  37  3:17  Probe  
  39  3:26  Warp Prism  
  40  3:31  Gateway x2  
  39  3:40  Probe  
  43  3:43  Pylon  
  43  3:44  Probe  
  43  3:53  Adept  
  45  3:56  Pylon  
  45  4:02  Stalker  
  47  4:06  Observer  
  47  4:07  Probe x2  
  47  4:08  Pylon  
  50  4:25  Assimilator  
  50  4:26  Adept x4  
  58  4:31  Immortal  
  62  4:50  Adept x4  
  70  5:01  Pylon  
  70  5:05  Pylon  
  70  5:10  Immortal  
  70  5:11  Observer  
  74  5:25  Adept x4  
  82  5:29  Gateway, Probe  
  82  5:30  Gateway  
  81  5:45  Adept  
  81  5:46  Adept  
  85  5:50  Gateway  
  85  5:55  Gateway  
  85  5:59  Pylon  
  85  6:04  Pylon  
  85  6:05  Pylon  
  85  6:17  Adept x4  
  93  6:29  Stalker x2  
  89  6:39  Adept x5  
  89  6:40  Adept  
  77  6:54  Warp Prism  
  77  7:01  Adept x5  
  79  7:26  Adept x7  
  85  7:33  Adept  
  85  7:47  Sentry x3  
  85  7:48  Sentry, Stalker x2  
  85  7:49  Zealot  
  99  8:05  Adept x2  
  99  8:22  Adept x3  
  99  8:23  Adept  
  99  8:24  Adept x2  
Tags
 
Add a new tag
Caveats
  • Supply blocks, unpowered buildings, or Contaminate may cause inaccurate times.
  • Supply counts are checked every 10 seconds.